 Dungeon Crawl Stone Soup version 0.29.1-13-g9f3cf754e1 (webtiles) character file.

Game seed: 12361183559923725463

7686 kingofthe the Destroyer (level 11, -20/48 HPs)
             Began as a Deep Elf Conjurer on Jan 22, 2023.
             Was a Follower of Hepliaklqana.
             Demolished by a death yak (23 damage)
             ... on level 7 of the Dungeon on Jan 23, 2023.
             The game lasted 00:57:19 (13399 turns).

kingofthe the Destroyer (Deep Elf Conjurer)        Turns: 13399, Time: 00:57:19

Health: -20/48     AC:  7    Str:  4    XL:     11   Next: 0%
Magic:  0/27       EV: 18    Int: 30    God:    Hepliaklqana [*.....]
Gold:   239        SH:  0    Dex: 17    Spells: 12/31 levels left

rFire   x . .      SeeInvis .   b - staff of conjuration
rCold   + . .      Faith    .   (no shield)
rNeg    + . .      Spirit   +   C - +0 robe
rPois   .          Reflect  .   o - +0 helmet {Int+3}
rElec   .          Harm     .   y - +0 cloak
rCorr   .          Rampage  .   L - +0 pair of gloves
Will    +....                   k - +1 pair of boots
Stlth   +++.......              p - amulet of guardian spirit
HPRegen 0.16/turn               D - ring of positive energy
MPRegen 0.20/turn               n - ring of the Immovable Knaves {Ice Int+3}

@: about to teleport
A: reduced essence
a: Renounce Religion, Recall Ancestor, Ancestor Identity


You were on level 7 of the Dungeon.
You worshipped Hepliaklqana.
Hepliaklqana was aware of your devotion.
You visited 2 branches of the dungeon, and saw 10 of its levels.

You collected 418 gold pieces.
You spent 179 gold pieces at shops.

Inventory:

Hand Weapons
 a - a +5 vorpal whip
 r - a +0 dagger of venom
 x - a +0 flail of holy wrath
 G - a +5 dagger of holy wrath
 I - a +0 spear of pain
Armour
 k - a +1 pair of boots (worn)
 o - a +0 helmet of intelligence (worn)
 y - a +0 cloak (worn)
 C - a +0 robe (worn)
 L - a +0 pair of gloves (worn)
Magical Staves
 b - a staff of conjuration (weapon)
 J - a staff of earth
Jewellery
 n - the ring of the Immovable Knaves (right hand) {Ice Int+3}
   (You acquired it on level 5 of the Dungeon)

   [ring of ice]

   It enhances your ice magic.
   Int:       It affects your intelligence (+3).
   rF:        It makes you vulnerable to fire.
   rC:        It protects you from cold.
 p - an amulet of guardian spirit (around neck)
 D - a ring of positive energy (left hand)
 M - a +6 ring of strength
Wands
 H - a wand of paralysis (12)
Scrolls
 e - 2 scrolls of magic mapping
 f - 8 scrolls of identify
 j - 2 scrolls of enchant armour
 t - a scroll of immolation
 z - a scroll of vulnerability
 B - 2 scrolls of poison
 F - 2 scrolls of brand weapon
 K - 2 scrolls of fear
Potions
 c - a potion of flight {unknown}
 d - 2 potions of mutation
 g - 2 potions of might
 h - a potion of heal wounds
 i - a potion of invisibility {unknown}
 l - 2 potions of lignification
 q - 7 potions of curing
 s - a potion of degeneration {unknown}
 u - a potion of resistance {unknown}
 v - 2 potions of attraction
 w - a potion of haste {unknown}
 A - 3 potions of brilliance
 E - a potion of berserk rage {unknown}
 N - a potion of magic


   Skills:
 + Level 9.9 Dodging
 - Level 4.5 Stealth
 + Level 10.6 Spellcasting
 * Level 11.3 Conjurations
 - Level 6.0 Hexes
 - Level 4.0 Translocations
 - Level 4.0 Air Magic
 - Level 3.1 Poison Magic


You had 12 spell levels left.
You knew the following spells:

 Your Spells              Type           Power      Damage    Failure   Level
a - Magic Dart            Conj           100%       1d8       1%          1
b - Searing Ray           Conj           100%       2d8       1%          2
c - Mephitic Cloud        Conj/Pois/Air  68%        N/A       1%          3
d - Passage of Golubria   Tloc           39%        N/A       6%          4
s - Slow                  Hex            100%       N/A       1%          1
t - Confusing Touch       Hex            51%        N/A       1%          3
z - Iskenderun's Battles  Conj           90%        2d14      1%          5

Your spell library contained the following spells:

 Spells                   Type           Power      Damage    Failure   Level
 Poisonous Vapours        Pois/Air       74%        N/A       1%          2
 Dazzling Flash           Conj/Hex       100%       N/A       1%          3
 Fulminant Prism          Conj/Hex       40%        3d20      1%          4
 Iskenderun's Mystic Bla  Conj/Tloc      75%        2d15      1%          4
 Ignite Poison            Fire/Tmut/Pois 22%        N/A       6%          3
 Vampiric Draining        Necr           15%        2d7       10%         3
 Freezing Cloud           Conj/Ice/Air   40%        6-21      11%         5
 Corpse Rot               Necr/Pois/Air  30%        N/A       12%         4
 Silence                  Hex/Air        22%        N/A       12%         5
 Yara's Violent Unravell  Hex/Tmut       16%        3d8       26%         5
 Summon Forest            Summ/Tloc      13%        N/A       38%         5
 Iron Shot                Conj/Erth      33%        9d7       43%         6
 Enfeeble                 Hex            25%        N/A       94%         7
 Eringya's Noxious Bog    Tmut/Pois      12%        N/A       95%         6
 Spellforged Servitor     Conj/Summ      33%        N/A       95%         7
 Summon Hydra             Summ           7%         N/A       100%        7
 Lehudib's Crystal Spear  Conj/Erth      33%        10d8      100%        8


Dungeon Overview and Level Annotations

Branches:
Dungeon (9/15)             Temple (1/1) D:7            Lair (0/5) D:8
    Orc: D:9-12

Altars:
Dithmenos
Elyvilon
Fedhas
Gozag
Hepliaklqana
Nemelex Xobeh
Okawaru
Qazlal
Trog
Uskayaw
Vehumet
Xom
Yredelemnul
Zin

Shops:
D:4 ![


Message History

Your battlesphere fires!
The barrage of energy hits the death yak but does no damage.
The death yak is lightly wounded.
Your battlesphere expends the last of its energy and dissipates.
The searing ray hits the death yak!
The death yak is moderately wounded.
The searing ray hits the death yak but does no damage.
The death yak is lightly wounded.
The death yak attacks as you move away!
The death yak gores you but does no damage.
The death yak attacks as you move away! The death yak misses you.
The death yak attacks as you move away! The death yak misses you.
The death yak snorts and paws the ground.
The death yak attacks as you move away! The death yak misses you.
The death yak attacks as you move away! The death yak gores you!!
There is a stone staircase leading up here.
You climb upwards.
There is a stone staircase leading down here.
Casting: Searing Ray (safe; 1% risk of failure)
Confirm with . or Enter, or press ? or * to list all spells.
Aiming: Mephitic Cloud (safe; 1% risk of failure)
Press: ? - help, Shift-Dir - straight line
Okay, then.
Casting: Mephitic Cloud (safe; 1% risk of failure)
Confirm with . or Enter, or press ? or * to list all spells.
Aiming: Passage of Golubria (dangerous; 6% risk of failure)
Press: ? - help, Dir - move target
Okay, then.
Casting: Passage of Golubria (dangerous; 6% risk of failure)
Confirm with . or Enter, or press ? or * to list all spells.
Aiming: Passage of Golubria (dangerous; 6% risk of failure)
Press: ? - help, Dir - move target The death yak gores you!
You enter the passage of Golubria.
The death yak gores you!!
* * * LOW HITPOINT WARNING * * *
There is a passage of Golubria, spattered with blood here.
The death yak attacks as you move away! The death yak barely misses you.
As you read the scroll of teleportation, it crumbles to dust.
You feel strangely unstable. The death yak gores you!!
You die...

.# ######.##.# ##.### ## #.##.#
#.# # #.##.# #.# # #.##.####
#.# # #.......# #.# ####>##.#
#.# #^##.#######.#####
#Y##..............
#@##.#######.##### #)......#
#.# #....##.# #.#
#.##.##.####.# #.##......##.#
### #.##..###.##.###..
##############.#...# #........#
#..............#.#.###.##.##..#
#.###########..#.#..[..##.##..#


You could see a death yak.

Vanquished Creatures
  A hydra (D:8)
  A death yak (D:8)
  A hornet (D:7)
  6 slime creatures (D:8)
  Grinder (D:6)
  9 yaks
  A steam dragon (D:7)
  Menkaure (D:6)
  Edmund (D:4)
  Duvessa (D:6)
  3 ice beasts
  2 sky beasts (D:7)
  3 ogres (D:5)
  3 black bears
  4 phantoms
  2 bullfrogs
  3 necrophages
  7 scorpions
  Dowan (D:6)
  3 killer bees (D:8)
  5 howler monkeys
  A jelly (D:5)
  2 gnoll boudas
  2 orc priests
  4 hounds
  7 iguanas
  Terence (D:3)
  10 gnolls
  6 adders
  2 river rats (D:8)
  2 shadow imps
  3 white imps
  An ufetubus (D:6)
  A dart slug (D:2)
  2 worms (D:2)
  36 orcs
  3 bats (D:1)
  9 endoplasms
  5 giant cockroaches
  7 goblins
  7 hobgoblins
  4 jackals
  8 kobolds
  9 quokkas
  6 ball pythons
  10 frilled lizards
  7 rats
214 creatures vanquished.

Vanquished Creatures (collateral kills)
  A sky beast (D:8)
1 creature vanquished.

Vanquished Creatures (others)
  6 ancestors (D:8)
  3 fungi
  5 plants
14 creatures vanquished.

Grand Total: 229 creatures vanquished

Notes
Turn   | Place    | Note
-------+----------+-------------------------------------------
     0 | D:1      | kingofthe the Deep Elf Conjurer began the quest for the
                  | Orb.
     0 | D:1      | Reached XP level 1. HP: 10/10 MP: 6/6
   322 | D:1      | Reached XP level 2. HP: 15/15 MP: 5/8
   325 | D:1      | Learned a level 2 spell: Searing Ray
   403 | D:1      | Found a faded altar of an unknown god.
   879 | D:1      | Reached XP level 3. HP: 19/19 MP: 2/9
  2210 | D:2      | Learned a level 3 spell: Mephitic Cloud
  2238 | D:2      | Reached XP level 4. HP: 24/24 MP: 8/11
  3175 | D:3      | Found a sparkling altar of Nemelex Xobeh.
  3193 | D:3      | Noticed a phantom
  3212 | D:3      | Killed a phantom
  3213 | D:3      | Reached skill level 5 in Conjurations
  3213 | D:3      | Reached XP level 5. HP: 24/28 MP: 1/13
  3367 | D:3      | Learned a level 3 spell: Confusing Touch
  3442 | D:3      | Noticed Terence
  3449 | D:3      | Killed Terence
  3982 | D:4      | Noticed Edmund
  3982 | D:4      | Found Amosur Quta's Distillery.
  4095 | D:4      | Reached skill level 1 in Hexes
  4095 | D:4      | Reached skill level 1 in Poison Magic
  4095 | D:4      | Reached XP level 6. HP: 23/32 MP: 7/15
  4249 | D:4      | Killed Edmund
  4250 | D:4      | Reached skill level 5 in Spellcasting
  4324 | D:4      | Bought a potion of curing for 30 gold pieces
  4388 | D:4      | Found Ohagoj's Armour Boutique.
  4435 | D:4      | Learned a level 5 spell: Iskenderun's Battlesphere
  4708 | D:4      | Reached skill level 5 in Dodging
  4982 | D:5      | Entered Level 5 of the Dungeon
  5011 | D:5      | Noticed an ice beast
  5018 | D:4      | Reached XP level 7. HP: 31/36 MP: 9/17
  5276 | D:5      | Reached skill level 6 in Conjurations
  5776 | D:5      | Found an opulent altar of Gozag.
  5866 | D:5      | Reached skill level 1 in Air Magic
  5866 | D:5      | Reached XP level 8. HP: 40/41 MP: 8/19
  6811 | D:5      | Reached skill level 5 in Hexes
  6974 | D:5      | Learned a level 1 spell: Slow
  7161 | D:6      | Reached skill level 7 in Conjurations
  7391 | D:6      | Noticed Dowan
  7394 | D:6      | Noticed Duvessa
  7414 | D:6      | Killed Duvessa
  7418 | D:6      | Killed Dowan
  7711 | D:6      | Noticed Menkaure
  7882 | D:6      | Noticed Grinder
  7890 | D:6      | Paralysed by Grinder for 2 turns
  8098 | D:6      | woo
  8111 | D:6      | Killed Grinder
  8112 | D:6      | Reached XP level 9. HP: 35/45 MP: 9/22
  9343 | D:6      | Killed Menkaure
  9649 | D:5      | Identified a scroll of acquirement
  9649 | D:5      | Acquired the ring of the Immovable Knaves {Ice Int+3}
  9686 | D:4      | Bought a +0 helmet of intelligence for 149 gold pieces
  9828 | D:7      | Reached skill level 8 in Conjurations
 10246 | D:7      | Found a shimmering altar of Xom.
 10253 | D:7      | Learned a level 4 spell: Passage of Golubria
 10253 | D:7      | Found a shimmering altar of Xom.
 10255 | D:7      | Found a shimmering altar of Xom.
 10256 | D:7      | Found a shimmering altar of Xom.
 10278 | D:7      | Reached skill level 9 in Conjurations
 10278 | D:7      | Reached skill level 1 in Translocations
 10511 | D:7      | Reached XP level 10. HP: 36/50 MP: 11/25
 10512 | D:7      | Found a shimmering altar of Xom.
 10512 | D:7      | Found a shimmering altar of Xom.
 10514 | D:7      | Found a shimmering altar of Xom.
 10814 | D:7      | Found a staircase to the Ecumenical Temple.
 10871 | Temple   | Entered the Ecumenical Temple
 11065 | Temple   | Became a worshipper of Hepliaklqana the Forgotten
 11508 | D:8      | Reached skill level 10 in Conjurations
 12348 | D:8      | Found a staircase to the Lair.
 12423 | D:8      | Reached * piety under Hepliaklqana
 12478 | D:8      | Noticed a death yak
 12480 | D:8      | Noticed a death yak
 12482 | D:8      | Noticed a death yak
 12572 | D:8      | Reached skill level 10 in Spellcasting
 12839 | D:8      | Noticed a four-headed hydra
 12849 | D:8      | Killed a four-headed hydra
 12850 | D:8      | Reached skill level 11 in Conjurations
 13374 | D:8      | Killed a death yak
 13375 | D:8      | Reached XP level 11. HP: 48/48 MP: 16/27
 13396 | D:7      | HP: 2/48 [death yak (19)]
 13399 | D:7      | Demolished by a death yak

Illustrated notes

.## #.#.. ###. ..#.
#.#.# #... #...# #.#.#
#... #..####.#.# #...
#.†...#...# #...
###.......#.# #...
.........>#.# #...
...########.#.#.# ###'
.......@.##.#.#.# #.
#####....##.#.#.# #.
#....##5#.#.# #.
.......#.#.#.#######.
####.####.#.#.........
###.#<.5.(...######..
#....###.#.#.# #..
#....# #.#.#.# #..
#....# #.#.#.######..


Turn 8098 on D:6: woo

Levels and vault maps discovered:
D:1:      lightli_arrival_isolated_outpost, layout_basic,
          shapermc_ecumenical_altar_mp_urbaneastern, nrook_mini_backslash,
          minmay_domino_4
D:2:      layout_basic, dreamdust_mushroom_princess
D:3:      layout_basic, nemelex_diamond_rough_becter, minmay_lizard_king,
          uniq_terence
D:4:      layout_cave_pools, serial_shops, shop_statue, shop, uniq_edmund
D:5:      minmay_octagon_keep, layout_cave_pods, grunt_gozag_breadcrumbs
D:6:      layout_basic, uniq_grinder, uniq_menkaure, uniq_duvessa
D:7:      layout_loops_ring, nicolae_xom_altar_mimics,
          minmay_temple_entry_junction
D:8:      layout_rooms, dpeg_lair_monsters, special_room [special_room_orc]
D:9:      layout_roguey
Temple:   bh_familiar_temple

Skill      XL: |  1  2  3  4  5  6  7  8  9 10 |
---------------+-------------------------------+-----
Stealth        | 3 4 |  4.5
Dodging        | 3 4 5 7 8 9 |  9.9
Spellcasting   | 4 5 6 7 9 10 | 10.6
Conjurations   | 5 6 7 9 11 | 11.3
Hexes          | 1 2 4 5 6 |  6.0
Poison Magic   | 1 2 3 |  3.1
Air Magic      | 1 3 4 |  4.0
Translocations | 2 4 |  4.0

Action                   |  1- 3 |  4- 6 |  7- 9 | 10-12 || total
-------------------------+-------+-------+-------+-------++-------
Melee: Dagger            |     2 |    14 |       |       ||    16
       Whip              |       |       |     4 |       ||     4
 Cast: Magic Dart        |    86 |    83 |   117 |   107 ||   393
       Searing Ray       |     9 |    15 |    53 |    16 ||    93
       Slow              |       |       |    22 |     3 ||    25
       Confusing Touch   |       |       |     1 |       ||     1
       Iskenderun's Batt |       |       |     5 |    18 ||    23
       Mephitic Cloud    |       |       |     2 |     6 ||     8
       Passage of Golubr |       |       |       |     1 ||     1
Invok: Ancestor Identity |       |       |       |     1 ||     1
  Use: Potion            |       |     2 |       |       ||     2
       Scroll            |       |     1 |    12 |     6 ||    19
Armor: Robe              |       |     5 |    19 |     5 ||    29
       Skin              |       |     8 |       |       ||     8
Dodge: Dodged            |     4 |    25 |    52 |    22 ||   103
